 Dungeon Crawl Stone Soup version 0.31.0-12-g77e489cdc1 (webtiles) character file.

Game seed: 14494003323230813691

2086 ChadusMaximus the Summoner (level 9, -4/71 HPs)
             Began as a Barachi Summoner on Mar 7, 2024.
             Slain by a killer bee (7 damage)
             ... on level 7 of the Dungeon.
             The game lasted 00:10:05 (7408 turns).

ChadusMaximus the Summoner (Barachi Summoner)       Turns: 7408, Time: 00:10:05

Health: -4/71      AC:  3    Str: 10    XL:     9   Next: 27%
Magic:  10/18      EV: 12    Int: 19    God:
Gold:   165        SH:  0    Dex: 13    Spells: 10/20 levels left

rFire   . . .        C - +1 war axe
rCold   . . .        (no shield)
rNeg    . . .        a - +0 robe
rPois   +            (no helmet)
rElec   .            m - +0 cloak
rCorr   .            (no gloves)
SInv    .            (no boots)
Will    .....        (no amulet)
Stlth   ++           q - ring of poison resistance
HPRegen 0.31/turn    (no ring)
MPRegen 0.16/turn

%: no passive effects
@: lethally poisoned (-4 -> -8), unable to hop, unable to call your familiar,
slow
A: amphibious, slowness 1, strong legs 1, +LOS
a: Hop


You were on level 7 of the Dungeon.
You visited 2 branches of the dungeon, and saw 8 of its levels.

You collected 365 gold pieces.
You spent 200 gold pieces at shops.

Inventory:

Hand Weapons
 c - a +0 dagger
 h - a +0 whip
 n - a +2 dagger of speed
 C - a +1 war axe (weapon)
Armour
 a - a +0 robe (worn)
 m - a +0 cloak (worn)
Jewellery
 q - a ring of poison resistance (left hand)
Wands
 e - a wand of roots (13)
 y - a wand of polymorph (4)
 B - a wand of digging (6)
Scrolls
 d - a scroll of fog
 i - 2 scrolls of brand weapon {unknown}
 j - a scroll of immolation {unknown}
 k - a scroll of amnesia {unknown}
 l - 3 scrolls of enchant weapon {unknown}
 o - a scroll of summoning {unknown}
 p - 2 scrolls of identify
 r - 3 scrolls of silence {unknown}
 s - a scroll of vulnerability {unknown}
 t - 2 scrolls of revelation {unknown}
 u - 4 scrolls of teleportation
 v - 4 scrolls of noise {unknown}
 w - a scroll of enchant armour
 x - 2 scrolls of blinking
Potions
 b - a potion of magic
 g - 2 potions of heal wounds {unknown}
 z - a potion of invisibility {unknown}
 A - a potion of attraction {unknown}
 D - a potion of degeneration {unknown}
 E - a potion of brilliance {unknown}


   Skills:
 + Level 6.9 Fighting
 - Level 2.1 Dodging
 - Level 1.7 Stealth
 + Level 6.2 Spellcasting
 * Level 11.2 Summonings


You had 10 spell levels left.
You knew the following spells:

 Your Spells              Type           Power      Damage    Failure   Level
a - Summon Small Mammal   Summ           100%       N/A       1%          1
b - Call Canine Familiar  Summ           48%        N/A       1%          3
c - Call Imp              Summ           96%        N/A       1%          2
d - Summon Lightning Spi  Summ/Air       27%        N/A       11%         4

Your spell library contained the following spells:

 Spells                   Type           Power      Damage    Failure   Level
 Slow                     Hex            20%        N/A       11%         1
 Summon Blazeheart Golem  Fire/Summ      27%        N/A       11%         4
 Confusing Touch          Hex            5%         N/A       32%         3
 Sigil of Binding         Hex            5%         N/A       32%         3
 Vampiric Draining        Necr           5%         2d6       32%         3


Dungeon Overview and Level Annotations

Branches:
Dungeon (7/15)             Temple (1/1) D:5

Altars:
Ashenzari
Cheibriados
Dithmenos
Elyvilon
Fedhas
Gozag
Kikubaaqudgha
Makhleb
Nemelex Xobeh
Okawaru
Qazlal
Ru
Sif Muna
Trog
Uskayaw
Vehumet
Wu Jian
Yredelemnul
Zin
The Shining One

Shops:
D:4 ?*


Innate Abilities, Weirdness & Mutations

You are amphibious.
You cover ground slowly.
You can hop short distances.
You have an extended range of vision and can be seen from far away.


Message History

You are poisoned.
The killer bee poisons you!
The killer bee stings you but does no damage.
Your quokka completely misses the killer bee.
The killer bee stings you.
You are more poisoned.
The killer bee poisons you!
A wight comes into view. It is wielding a +0 long sword. x2
The killer bee closely misses you.
* * * LOW HITPOINT WARNING * * *
You feel very sick. The killer bee barely misses you.
The killer bee attacks as it pursues you!
The killer bee barely misses you. The killer bee stings you.
* * * LOW HITPOINT WARNING * * *
Your lightning spire shoots out a bolt of lightning at the killer bee!
The bolt of electricity hits the killer bee! x2
The killer bee dies!
Unknown command.
* * * LOW HITPOINT WARNING * * *
You feel very sick.
Your lightning spire disappears in a puff of smoke!
The killer bee closely misses you.
Your quokka barely misses the killer bee.
Unknown command.
Unknown command.
You miss the killer bee.
The killer bee is almost dead.
* * * LOW HITPOINT WARNING * * *
You feel very sick. The killer bee misses you.
The killer bee stings you but does no damage.
Your quokka barely misses the killer bee.
The killer bee stings you but does no damage.
Your quokka barely misses the killer bee.
* * * LOW HITPOINT WARNING * * *
You feel sick.
The killer bee attacks as it pursues you!
The killer bee completely misses you. The killer bee stings you!
You die...

# #†# #.# #.# #. #.#
#.# .
##..##.########.# #..
..#...............#
###
.......#.#######..#
......##...####..#
......#.....#....#
#............#.##
..###..#...@...##.#
#.....###.y...###.#
$......#..###..##.#
z....5z..r.#......#
#.....#...†.....#.#
######## ##...
#.........##..........
#... #.........#
##########
........(..#......#
.......#..###..#...#


You could see a killer bee (ally target), a wight and a friendly quokka
(summoned).

Vanquished Creatures
  A black bear (D:5)
  A scorpion (D:5)
  2 jellies
  4 hounds
  2 iguanas (D:5)
  An orc wizard (D:6)
  2 adders
  A dart slug (D:3)
  A ribbon worm (D:3)
  4 orcs
  4 endoplasms
  3 giant cockroaches
  7 goblins
  3 hobgoblins
  3 quokkas
  6 ball pythons
  A bat (D:3)
  5 frilled lizards
  9 kobolds
  2 rats
62 creatures vanquished.

Vanquished Creatures (collateral kills)
  Edmund (D:5)
  2 water moccasins
  An orc warrior (D:6)
  An ice beast (D:6)
  A sky beast (D:6)
  An ogre (D:5)
  A centaur (D:4)
  A scorpion (D:5)
  3 wights (D:6)
  3 killer bees (D:7)
  A howler monkey (D:5)
  2 bombardier beetles (D:5)
  4 orc priests
  A hound (D:5)
  Ijyb (D:5)
  An orc wizard (D:6)
  An iguana (D:5)
  Natasha (thrice) (D:4)
  5 adders
  A white imp (D:6)
  17 orcs
  An endoplasm (D:4)
  2 goblins (D:4)
  A quokka (D:2)
  A frilled lizard (D:1)
57 creatures vanquished.

Grand Total: 119 creatures vanquished

Notes
Turn   | Place    | Note
-------+----------+-------------------------------------------
     0 | D:1      | ChadusMaximus the Barachi Summoner began the quest for the
                  | Orb.
     0 | D:1      | Reached XP level 1. HP: 13/13 MP: 3/3
   169 | D:1      | Reached skill level 5 in Summonings
   228 | D:1      | Reached XP level 2. HP: 20/20 MP: 5/5
   300 | D:1      | Found a faded altar of an unknown god.
  1164 | D:2      | Reached skill level 1 in Fighting
  1456 | D:2      | Reached XP level 3. HP: 11/26 MP: 2/6
  1726 | D:3      | Learned a level 3 spell: Call Canine Familiar
  1729 | D:3      | Learned a level 2 spell: Call Imp
  2202 | D:3      | Reached XP level 4. HP: 33/33 MP: 8/8
  2580 | D:4      | Found Cetuzubb's Lightly-Used Armoury.
  2599 | D:4      | Reached skill level 6 in Summonings
  2732 | D:4      | Found Aloodoth's Magic Scroll Shop.
  2737 | D:4      | Noticed a centaur
  2790 | D:4      | Killed a centaur
  2791 | D:4      | Reached XP level 5. HP: 21/40 MP: 1/10
  2958 | D:4      | Bought a scroll of enchant armour for 75 gold pieces
  2958 | D:4      | Bought a scroll of blinking for 75 gold pieces
  2958 | D:4      | Bought a scroll of identify for 20 gold pieces
  2958 | D:4      | Bought a scroll of teleportation for 30 gold pieces
  3109 | D:4      | Reached skill level 7 in Summonings
  3109 | D:4      | Reached XP level 6. HP: 40/47 MP: 5/11
  3227 | D:4      | Noticed Natasha
  3243 | D:4      | Killed Natasha
  3481 | D:4      | Noticed Natasha
  3490 | D:4      | Killed Natasha
  3605 | D:4      | Noticed Natasha
  3623 | D:4      | Killed Natasha
  3694 | D:5      | Entered Level 5 of the Dungeon
  3843 | D:5      | HP: 3/72 [burnt (4)]
  4072 | D:5      | Reached XP level 7. HP: 42/53 MP: 11/13
  4114 | D:5      | Found a staircase to the Ecumenical Temple.
  4125 | D:5      | Noticed Ijyb
  4131 | Temple   | Entered the Ecumenical Temple
  4216 | D:5      | Killed Ijyb
  4315 | D:5      | Reached skill level 8 in Summonings
  4505 | D:5      | Noticed Edmund
  4532 | D:5      | Killed Edmund
  4863 | D:5      | Reached skill level 5 in Fighting
  4863 | D:5      | Reached skill level 9 in Summonings
  4863 | D:5      | Reached XP level 8. HP: 50/62 MP: 15/15
  5296 | D:5      | Reached skill level 5 in Spellcasting
  5397 | D:5      | Found a sparkling altar of Nemelex Xobeh.
  5527 | D:6      | Learned a level 4 spell: Summon Lightning Spire
  5818 | D:6      | Reached skill level 10 in Summonings
  6402 | D:6      | Reached XP level 9. HP: 71/71 MP: 13/17
  7288 | D:7      | Reached skill level 11 in Summonings
  7408 | D:7      | HP: 3/71 [poisoned by a killer bee]
  7408 | D:7      | Slain by a killer bee

Illustrated notes

Levels and vault maps discovered:
D:1:      amcnicky_arrival_feature_with_door, layout_loops_ring,
          dreamdust_ecumenical_altar_statues
D:2:      layout_basic
D:3:      layout_loops_cross, hangedman_decor_riveting, minmay_vboxes
D:4:      layout_cave_pools, serial_shops, shop_scrolls, minmay_shop_damaged,
          minmay_misc_feat_hallway, uniq_natasha
D:5:      layout_basic, nemelex_spade_bored_becter,
          minmay_temple_entry_purple_smoke, kennysheep_generic_room_7,
          uniq_ijyb, uniq_edmund
D:6:      layout_loops_ring, minmay_statues_item, lightli_orcish_oven
D:7:      nicolae_cairo_tiling_large_dashed, layout_loops_ring,
          ebering_ghost_disaster_area, grunt_decor_one_mirror, uniq_maggie
Temple:   compressed_dpeg_triangle_lava_temple

Skill      XL: |  1  2  3  4  5  6  7  8  9 |
---------------+----------------------------+-----
Summonings     | 5 6 7 9 10 11 | 11.2
Fighting       | 1 2 3 5 6 |  6.9
Spellcasting   | 3 4 5 6 |  6.2
Dodging        | |  2.1
Stealth        | |  1.7

Action                     |  1- 3 |  4- 6 |  7- 9 || total
---------------------------+-------+-------+-------++-------
  Melee: Dagger            |   104 |    97 |   103 ||   304
         Unarmed           |     2 |       |       ||     2
         Whip              |    19 |       |       ||    19
         Punch             |       |       |     2 ||     2
         War axe           |       |       |    20 ||    20
   Cast: Summon Small Mamm |     9 |     7 |    17 ||    33
         Call Imp          |       |     9 |    25 ||    34
         Call Canine Famil |       |     9 |    30 ||    39
         Summon Lightning  |       |       |     2 ||     2
Ability: Hop               |     1 |     1 |     2 ||     4
    Use: Scroll            |       |     3 |       ||     3
         Potion            |       |     2 |     1 ||     3
   Stab: Sleeping          |     6 |     1 |     3 ||    10
         Distracted        |       |     2 |     1 ||     3
 Armour: Robe              |    53 |    38 |   100 ||   191
  Dodge: Dodged            |    66 |    44 |    99 ||   209
